BSA
KALAMAZOO ROYALE WITH CHEESE @ JERSEY SHORE D-BAGS
07/28/2030
 
TOP OF THE 1ST
Kalamazoo Royale with Cheese batting - Pitching for Jersey Shore D-Bags : RHP Tom Cunningham
Pitching: RHP Tom Cunningham
Batting: RHB Millard Boyd 0-0: Foul Ball, location: 2F
0-1: Ground out 6-3 (Groundball, 6)
Batting: LHB Gene Cooper 0-0: Foul Ball, location: 2F
0-1: Called Strike
0-2: Ball
1-2: Foul Ball, location: 2F
1-2: Ground out 4-3 (Groundball, 4)
Batting: SHB Caden Keith 0-0: Called Strike
0-1: Foul Ball, location: 2F
0-2: Ball
1-2: Ball
2-2: Ball
3-2: Fly out, F7 (Flyball, 7S)
Top of the 1st over - 0 runs, 0 hits, 0 errors, 0 left on base; Kalamazoo 0 - Jersey Shore 0
BOTTOM OF THE 1ST
Jersey Shore D-Bags batting - Pitching for Kalamazoo Royale with Cheese : LHP Salvador Castro
Pitching: LHP Salvador Castro
Batting: RHB Ricardo González 0-0: Ball
1-0: Ball
2-0: Ball
3-0: Base on Balls
Batting: RHB Mike Ingram 0-0: Ball
Ricardo González steals 2nd base
1-0: Foul Ball, location: 2F
1-1: Swinging Strike
1-2: Fly out, F8 (Flyball, 8LD)
Runner from 2nd tags up, SAFE at 3rd with throw
Batting: RHB Miguel Serna 0-0: Ball
1-0: Called Strike
1-1: SINGLE (Flyball, 9S)
Ricardo González scores
Batting: LHB Dave Dodd 0-0: Called Strike
0-1: DOUBLE (Line Drive, 78D)
Miguel Serna to third
Batting: RHB Ben Morton 0-0: Foul Ball, location: 2F
0-1: Ball
1-1: Ball
2-1: Swinging Strike
2-2: Strikes out looking
Batting: LHB António Cedeño 0-0: Swinging Strike
0-1: Called Strike
0-2: Ball
1-2: Ball
2-2: Ball
3-2: Foul Ball, location: 2F
3-2: Strikes out swinging
Bottom of the 1st over - 1 run, 2 hits, 0 errors, 2 left on base; Kalamazoo 0 - Jersey Shore 1
TOP OF THE 2ND
Kalamazoo Royale with Cheese batting - Pitching for Jersey Shore D-Bags : RHP Tom Cunningham
Batting: LHB Roberto Sandoval 0-0: Foul Ball, location: 2F
0-1: Ball
1-1: DOUBLE (Groundball, 3L)
Batting: RHB Marlon Phipps 0-0: Ball
1-0: Called Strike
1-1: Ball
2-1: Ball
3-1: Swinging Strike
3-2: Foul Ball, location: 2F
3-2: Base on Balls
Batting: LHB Donovan Bird 0-0: Called Strike
0-1: Ball
1-1: Ball
2-1: DOUBLE (Line Drive, 89D)
Roberto Sandoval scores
Marlon Phipps to third
Batting: RHB Zander Tremblett 0-0: Called Strike
0-1: Ball
1-1: Ball
2-1: Foul Ball, location: 2F
2-2: Strikes out swinging
Batting: LHB Ron Robinson 0-0: Ground out 4-3 (Groundball, 4)
Marlon Phipps scores
Donovan Bird to third
Batting: LHB Bill McJannett 0-0: Called Strike
0-1: Ball
1-1: Called Strike
1-2: Strikes out swinging
Top of the 2nd over - 2 runs, 2 hits, 0 errors, 1 left on base; Kalamazoo 2 - Jersey Shore 1
BOTTOM OF THE 2ND
Jersey Shore D-Bags batting - Pitching for Kalamazoo Royale with Cheese : LHP Salvador Castro
Batting: RHB Francisco Sandoval 0-0: Foul Ball, location: 2F
0-1: Ball
1-1: Ball
2-1: Foul Ball, location: 2F
2-2: Ball
3-2: Strikes out swinging
Batting: LHB Juan Hernández 0-0: Ball
1-0: Ground out 6-3 (Groundball, 6)
Batting: LHB Ray Bryant 0-0: SINGLE (Groundball, 34D)
Batting: RHB Ricardo González 0-0: Ball
1-0: Foul Ball, location: 2F
1-1: Ground out 4-3 (Groundball, 4)
Bottom of the 2nd over - 0 runs, 1 hit, 0 errors, 1 left on base; Kalamazoo 2 - Jersey Shore 1
TOP OF THE 3RD
Kalamazoo Royale with Cheese batting - Pitching for Jersey Shore D-Bags : RHP Tom Cunningham
Batting: RHB Millard Boyd 0-0: Ball
1-0: Called Strike
1-1: Ground out 5-3 (Groundball, 56)
Batting: LHB Gene Cooper 0-0: Called Strike
0-1: Ball
1-1: Ball
2-1: Ball
3-1: Base on Balls
Batting: SHB Caden Keith 0-0: Foul Ball, location: 2F
0-1: Called Strike
0-2: SINGLE (Groundball, 25) (infield hit)
Gene Cooper to second
Batting: LHB Roberto Sandoval 0-0: SINGLE (Flyball, 89M)
Gene Cooper to third
Caden Keith to second
Runner from 3rd tries for Home, SAFE, throw made home
Batting: RHB Marlon Phipps 0-0: Ball
Caden Keith steals 3rd base
1-0: Ball
2-0: Foul Ball, location: 2F
2-1: Ball
3-1: Grounds into double play, 6-4-3 (Groundball, 6M)
Top of the 3rd over - 1 run, 2 hits, 0 errors, 1 left on base; Kalamazoo 3 - Jersey Shore 1
BOTTOM OF THE 3RD
Jersey Shore D-Bags batting - Pitching for Kalamazoo Royale with Cheese : LHP Salvador Castro
Batting: RHB Mike Ingram 0-0: Ball
1-0: Ball
2-0: Called Strike
2-1: Fly out, F9 (Line Drive, 9)
Batting: RHB Miguel Serna 0-0: Called Strike
0-1: Called Strike
0-2: Ball
1-2: Strikes out looking
Batting: LHB Dave Dodd 0-0: Ball
1-0: Called Strike
1-1: Ball
2-1: Foul Ball, location: 2F
2-2: Fly out, F9 (Flyball, 9D)
Bottom of the 3rd over - 0 runs, 0 hits, 0 errors, 0 left on base; Kalamazoo 3 - Jersey Shore 1
TOP OF THE 4TH
Kalamazoo Royale with Cheese batting - Pitching for Jersey Shore D-Bags : RHP Tom Cunningham
Batting: LHB Donovan Bird 0-0: Swinging Strike
0-1: Ball
1-1: Swinging Strike
1-2: Ball
2-2: Ball
3-2: SOLO HOME RUN (Flyball, 9D), Distance : 367 ft
Batting: RHB Zander Tremblett 0-0: Ball
1-0: Foul Ball, location: 2F
1-1: Foul Ball, location: 2F
1-2: SINGLE (Flyball, 8RS)
Batting: LHB Ron Robinson 0-0: Ball
1-0: Called Strike
1-1: Grounds into double play, 6-4-3 (Groundball, 6)
Batting: LHB Bill McJannett 0-0: Ball
1-0: Ball
2-0: Ground out 5-3 (Groundball, 56)
Top of the 4th over - 1 run, 2 hits, 0 errors, 0 left on base; Kalamazoo 4 - Jersey Shore 1
BOTTOM OF THE 4TH
Jersey Shore D-Bags batting - Pitching for Kalamazoo Royale with Cheese : LHP Salvador Castro
Batting: RHB Ben Morton 0-0: Called Strike
0-1: Foul Ball, location: 2F
0-2: Foul Ball, location: 2F
0-2: Foul Ball, location: 2F
0-2: Ball
1-2: Foul Ball, location: 2F
1-2: Ball
2-2: Ball
3-2: Ground out 1-3 (Groundball, 15S)
Batting: LHB António Cedeño 0-0: Called Strike
0-1: Ball
1-1: Ball
2-1: SINGLE (Flyball, 89M)
Batting: RHB Francisco Sandoval 0-0: Ball
1-0: Ball
2-0: Ball
3-0: Called Strike
3-1: Foul Ball, location: 2F
3-2: Base on Balls
António Cedeño to second
Batting: LHB Juan Hernández 0-0: Fly out, F8 (Line Drive, 8LXD)
Runner from 2nd tags up, SAFE at 3rd, no throw
Batting: LHB Ray Bryant 0-0: Ball
1-0: Ball
2-0: Foul Ball, location: 2F
2-1: Foul Ball, location: 2F
2-2: Fly out, F9 (Flyball, 89M)
Bottom of the 4th over - 0 runs, 1 hit, 0 errors, 2 left on base; Kalamazoo 4 - Jersey Shore 1
TOP OF THE 5TH
Kalamazoo Royale with Cheese batting - Pitching for Jersey Shore D-Bags : RHP Tom Cunningham
Batting: RHB Millard Boyd 0-0: Called Strike
0-1: Foul Ball, location: 2F
0-2: Strikes out looking
Batting: LHB Gene Cooper 0-0: Fly out, F8 (Line Drive, 8RM)
Batting: SHB Caden Keith 0-0: Called Strike
0-1: Foul Ball, location: 2F
0-2: Foul Ball, location: 2F
0-2: Ground out 4-3 (Groundball, 4)
Top of the 5th over - 0 runs, 0 hits, 0 errors, 0 left on base; Kalamazoo 4 - Jersey Shore 1
BOTTOM OF THE 5TH
Jersey Shore D-Bags batting - Pitching for Kalamazoo Royale with Cheese : LHP Salvador Castro
Batting: RHB Ricardo González 0-0: Ball
1-0: Called Strike
1-1: Ball
2-1: Ground out 5-3 (Groundball, 56)
Batting: RHB Mike Ingram 0-0: Ball
1-0: Fly out, F5 (Popup, 56S)
Batting: RHB Miguel Serna 0-0: Ball
1-0: Ball
2-0: Fly out, F3 (Line Drive, 34)
Bottom of the 5th over - 0 runs, 0 hits, 0 errors, 0 left on base; Kalamazoo 4 - Jersey Shore 1
TOP OF THE 6TH
Kalamazoo Royale with Cheese batting - Pitching for Jersey Shore D-Bags : RHP Tom Cunningham
Batting: LHB Roberto Sandoval 0-0: Called Strike
0-1: Fly out, F8 (Flyball, 8RD)
Batting: RHB Marlon Phipps 0-0: Ball
1-0: Foul Ball, location: 2F
1-1: Ball
2-1: DOUBLE (Line Drive, 9LM)
Pitching: LHP Aaron Gibbs
Batting: LHB Donovan Bird 0-0: Called Strike
0-1: Ball
1-1: Foul Ball, location: 2F
1-2: Foul Ball, location: 2F
1-2: Foul Ball, location: 2F
1-2: Ball
2-2: Ball
3-2: Foul Ball, location: 2F
3-2: SINGLE (Line Drive, 3S)
Marlon Phipps to third
Runner from 3rd tries for Home, SAFE, no throw
Batting: RHB Zander Tremblett 0-0: Ball
1-0: Foul Ball, location: 2F
1-1: Ball
2-1: Ball
3-1: Base on Balls
Donovan Bird to second
Batting: LHB Ron Robinson 0-0: SINGLE (Line Drive, 6)
Donovan Bird to third
Zander Tremblett to second
Runner from 3rd tries for Home, SAFE, no throw
Batting: LHB Bill McJannett 0-0: Foul Ball, location: 2F
0-1: Called Strike
0-2: Ball
1-2: Strikes out looking
Batting: RHB Millard Boyd 0-0: Ball
1-0: Ball
2-0: Called Strike
2-1: Fielders Choice at 2nd, 6-4 (Groundball, 6)
Top of the 6th over - 2 runs, 3 hits, 0 errors, 2 left on base; Kalamazoo 6 - Jersey Shore 1
BOTTOM OF THE 6TH
Jersey Shore D-Bags batting - Pitching for Kalamazoo Royale with Cheese : LHP Salvador Castro
Batting: LHB Dave Dodd 0-0: Fly out, F8 (Flyball, 78M)
Batting: RHB Ben Morton 0-0: Fly out, F6 (Flyball, 56D)
Batting: LHB António Cedeño 0-0: Ball
1-0: Ball
2-0: Called Strike
2-1: SINGLE (Line Drive, 7LS)
Batting: RHB Francisco Sandoval 0-0: Ball
1-0: Ball
2-0: Ball
3-0: Called Strike
3-1: Called Strike
3-2: Foul Ball, location: 2F
3-2: Base on Balls
António Cedeño to second
Pitching: RHP David Padilla
Batting: LHB Juan Hernández 0-0: Called Strike
0-1: Swinging Strike
0-2: Foul Ball, location: 2F
0-2: Ball
1-2: Ball
2-2: Ball
3-2: Foul Ball, location: 2F
3-2: Ground out 6-3 (Groundball, 56)
Bottom of the 6th over - 0 runs, 1 hit, 0 errors, 2 left on base; Kalamazoo 6 - Jersey Shore 1
TOP OF THE 7TH
Kalamazoo Royale with Cheese batting - Pitching for Jersey Shore D-Bags : LHP Aaron Gibbs
Batting: LHB Gene Cooper 0-0: Ball
1-0: Ball
2-0: Ball
3-0: Fly out, F4 (Line Drive, 4)
Batting: SHB Caden Keith 0-0: Ground out 4-3 (Groundball, 4)
Batting: LHB Roberto Sandoval 0-0: Ball
1-0: Ball
2-0: Ball
3-0: Base on Balls
Batting: RHB Marlon Phipps 0-0: Ball
1-0: Called Strike
1-1: Called Strike
1-2: Ball
2-2: Strikes out swinging
Top of the 7th over - 0 runs, 0 hits, 0 errors, 1 left on base; Kalamazoo 6 - Jersey Shore 1
BOTTOM OF THE 7TH
Jersey Shore D-Bags batting - Pitching for Kalamazoo Royale with Cheese : RHP David Padilla
Batting: LHB Ray Bryant 0-0: Ball
1-0: Ball
2-0: Swinging Strike
2-1: Foul Ball, location: 2F
2-2: Ball
3-2: SINGLE (Groundball, 4MD)
Batting: RHB Ricardo González 0-0: Ball
1-0: Called Strike
1-1: Ball
2-1: Ball
3-1: Called Strike
3-2: Base on Balls
Ray Bryant to second
Batting: RHB Mike Ingram 0-0: Ground out 5-3 (Groundball, 56S)
Ray Bryant to third
Ricardo González to second
Batting: RHB Miguel Serna 0-0: Foul Ball, location: 2F
0-1: Ball
1-1: Foul Ball, location: 2F
1-2: Foul Ball, location: 2F
1-2: Ball
2-2: SINGLE (Line Drive, 56)
Ray Bryant scores
Ricardo González to third
Runner from 3rd tries for Home, SAFE, no throw
Pitching: LHP Carlos Thomas
Batting: LHB Dave Dodd 0-0: Ball
Miguel Serna steals 2nd base
1-0: Ball
2-0: Swinging Strike
2-1: Ball
3-1: Called Strike
3-2: Strikes out swinging
Pitching: RHP Armen Boyajian
Batting: RHB Ben Morton 0-0: Ball
1-0: Fly out, F4 (Popup, 13)
Bottom of the 7th over - 2 runs, 2 hits, 0 errors, 1 left on base; Kalamazoo 6 - Jersey Shore 3
TOP OF THE 8TH
Kalamazoo Royale with Cheese batting - Pitching for Jersey Shore D-Bags : LHP Aaron Gibbs
Batting: LHB Donovan Bird 0-0: Foul Ball, location: 2F
0-1: Ball
1-1: Ball
2-1: Ball
3-1: Foul Ball, location: 2F
3-2: Base on Balls
Batting: RHB Zander Tremblett 0-0: Bunted foul
0-1: Ball
1-1: Sac Bunt - play at first, batter OUT! 5-4
Donovan Bird to second
Batting: LHB Ron Robinson 0-0: Called Strike
0-1: Ball
1-1: Swinging Strike
1-2: Strikes out swinging
Pitching: LHP Hyo-chin Kim
Batting: LHB Bill McJannett 0-0: Called Strike
0-1: Swinging Strike
0-2: Strikes out looking
Top of the 8th over - 0 runs, 0 hits, 0 errors, 1 left on base; Kalamazoo 6 - Jersey Shore 3
BOTTOM OF THE 8TH
Jersey Shore D-Bags batting - Pitching for Kalamazoo Royale with Cheese : RHP Armen Boyajian
Batting: LHB António Cedeño 0-0: Fly out, F9 (Flyball, 9D)
Batting: RHB Francisco Sandoval 0-0: SINGLE (Groundball, 34D)
Batting: LHB Juan Hernández 0-0: Ball
1-0: Called Strike
1-1: Foul Ball, location: 2F
1-2: Foul Ball, location: 2F
1-2: Ball
2-2: Ground out U3 (Groundball, 34S)
Francisco Sandoval to second
Batting: LHB Ray Bryant 0-0: Ball
1-0: Foul Ball, location: 2F
1-1: Ball
2-1: Called Strike
2-2: Ground out 5-3 (Groundball, 2L)
Bottom of the 8th over - 0 runs, 1 hit, 0 errors, 1 left on base; Kalamazoo 6 - Jersey Shore 3
TOP OF THE 9TH
Kalamazoo Royale with Cheese batting - Pitching for Jersey Shore D-Bags : LHP Hyo-chin Kim
Batting: RHB Millard Boyd 0-0: Ball
1-0: Fly out, F7 (Flyball, 7D)
Batting: LHB Gene Cooper 0-0: SINGLE (Line Drive, 78S)
Batting: SHB Caden Keith 0-0: Ball
1-0: Called Strike
1-1: Ball
2-1: Called Strike
2-2: Ball
3-2: Base on Balls
Gene Cooper to second
Batting: LHB Roberto Sandoval 0-0: Ball
1-0: Foul Ball, location: 2F
1-1: Called Strike
1-2: Strikes out looking
Batting: RHB Marlon Phipps 0-0: Swinging Strike
0-1: Ball
1-1: Foul Ball, location: 2F
1-2: Foul Ball, location: 2F
1-2: Fly out, F4 (Flyball, 34D)
Top of the 9th over - 0 runs, 1 hit, 0 errors, 2 left on base; Kalamazoo 6 - Jersey Shore 3
BOTTOM OF THE 9TH
Jersey Shore D-Bags batting - Pitching for Kalamazoo Royale with Cheese : RHP Armen Boyajian
Pitching: RHP Víctor Reyes
Batting: RHB Ricardo González 0-0: Foul Ball, location: 2F
0-1: Called Strike
0-2: Ball
1-2: Foul Ball, location: 2F
1-2: Ball
2-2: Foul Ball, location: 2F
2-2: Fly out, F9 (Flyball, 9S)
Batting: RHB Mike Ingram 0-0: Ball
1-0: Ball
2-0: Ball
3-0: Base on Balls
Batting: RHB Miguel Serna 0-0: Ball
1-0: Ball
2-0: Grounds into double play, 4-6-3 (Groundball, 4MD)
Bottom of the 9th over - 0 runs, 0 hits, 0 errors, 0 left on base; Kalamazoo 6 - Jersey Shore 3
Saturday, April 7th, 2018 - OOTP Baseball 18.8 Build 76